AoeStats
← Křovák

Runestones

507082484Analyzed
1v1 RM · 16d ago on Sep 16, 2026· 60m 27s· 2 players
Game mode
Random Map
Map size
Tiny (2 player)
Population
200
Speed
Normal
Resources
Standard
Victory
Conquest
Starting age
Dark Age
Ending age
Imperial Age
RankedLock teamsTeams togetherTeam positionsShared explorationLock speedFull tech treeHidden civsTurbo modeCheats
Victory
Defeat
🇬🇧 Lithuanians · United Kingdom
830
+15
🇨🇿 Malians · Czechia
819
-15
Křovák
7:16 Loom
10:55 Feudal Age
11:41 Double-Bit Axe
12:33 Horse Collar
21:39 Castle Age
19:46 Fletching
26:40 Imperial Age
26:01 Pikeman
27:47 Scale Mail Armor
27:58 Forging
29:11 Bodkin Arrow
30:35 Bow Saw
32:46 Iron Casting
34:11 Stone Mining
34:11 Gold Mining
34:51 Town Watch
37:59 Chain Mail Armor
43:59 Heavy Camel Rider
44:01 Cavalier
48:38 Cavalier
49:19 Husbandry
50:23 Ballistics
50:31 Heavy Plow
55:55 Light Cavalry
60:18 Scale Barding Armor
burgess6000
10:42 Feudal Age
11:15 Double-Bit Axe
12:54 Loom
17:01 Horse Collar
21:00 Castle Age
19:51 Padded Archer Armor
19:41 Fletching
21:57 Forging
21:53 Scale Barding Armor
23:28 Husbandry
23:25 Gold Mining
24:40 Bloodlines
27:15 Wheelbarrow
32:55 Imperial Age
30:12 Town Watch
30:07 Pikeman
30:47 Squires
30:51 Scale Mail Armor
31:19 Ballistics
34:14 Iron Casting
33:05 Elite Skirmisher
33:57 Heavy Plow
35:00 Bow Saw
35:15 Conscription
36:49 Chemistry
36:00 Masonry
37:14 Bodkin Arrow
37:56 Hand Cart
38:05 Chain Barding Armor
40:22 Bracer
41:10 Hoardings
42:03 Architecture
42:38 Tower Shields
46:32 Leather Archer Armor
46:54 Thumb Ring
46:55 Light Cavalry
50:17 Winged Hussar
55:47 Plate Barding Armor
55:44 Ring Archer Armor
57:05 Hill Forts
Connection lost

Rejoining the realm…

Still unreachable

The connection could not be restored.

Session expired

The server has moved on; the page needs a fresh start.